AoeStats
← AccursedOlive20

Arabia

510940276Analyzed
1v1 RM · 11h ago on Oct 3, 2026· 85m 5s· 2 players
Game mode
Random Map
Map size
Tiny (2 player)
Population
200
Speed
Normal
Resources
Standard
Victory
Conquest
Starting age
Dark Age
Ending age
Imperial Age
RankedLock teamsTeams togetherTeam positionsShared explorationLock speedFull tech treeHidden civsTurbo modeCheats
Victory
Defeat
🇨🇴 Celts · Colombia
597
+15
🇨🇴 Bulgarians · Colombia
582
-15
palus_04
11:32 Feudal Age
14:10 Double-Bit Axe
16:14 Forging
16:31 Arson
16:49 Scale Mail Armor
18:05 Fletching
18:15 Padded Archer Armor
28:35 Castle Age
27:45 Horse Collar
29:38 Bloodlines
29:29 Husbandry
32:11 Squires
32:52 Iron Casting
42:23 Wheelbarrow
42:11 Chain Mail Armor
41:52 Bodkin Arrow
42:11 Scale Barding Armor
43:12 Stirrups
43:44 Bow Saw
43:30 Gold Mining
43:30 Stone Mining
45:00 Hand Cart
44:31 Loom
44:31 Town Watch
45:05 Gambesons
53:24 Imperial Age
53:31 Elite Konnik
54:32 Conscription
54:04 Light Cavalry
55:11 Chain Barding Armor
55:22 Plate Mail Armor
56:50 Conscription
58:30 Bagains
60:16 Pikeman
61:39 Plate Barding Armor
62:05 Blast Furnace
71:40 Hussar
83:58 Thumb Ring
AccursedOlive20
0:49 Loom
12:24 Feudal Age
13:11 Town Watch
14:29 Gold Mining
14:31 Man-at-Arms
15:21 Horse Collar
20:22 Double-Bit Axe
30:26 Forging
31:05 Scale Mail Armor
31:46 Padded Archer Armor
33:57 Castle Age
35:26 Wheelbarrow
43:05 Bow Saw
46:18 Imperial Age
44:07 Stone Mining
44:27 Pikeman
46:25 Hand Cart
49:08 Halberdier
51:54 Gold Shaft Mining
51:55 Stone Shaft Mining
52:41 Ballistics
53:54 Guard Tower
54:01 Murder Holes
53:49 Cavalier
54:46 Heavy Plow
55:12 Husbandry
55:10 Elite Skirmisher
58:41 Padded Archer Armor
58:47 Scale Barding Armor
58:32 Fletching
59:45 Chemistry
58:30 Arrowslits
62:18 Chain Barding Armor
62:13 Leather Archer Armor
61:54 Bodkin Arrow
62:34 Iron Casting
62:14 Chain Mail Armor
63:32 Keep
63:10 Masonry
67:31 Ring Archer Armor
67:31 Plate Mail Armor
68:02 Blast Furnace
67:18 Stronghold
68:26 Heavy Scorpion
72:36 Furor Celtica
72:47 Conscription
75:29 Blast Furnace
74:41 Fortified Wall
74:37 Siege Engineers
81:11 Heated Shot
Connection lost

Rejoining the realm…

Still unreachable

The connection could not be restored.

Session expired

The server has moved on; the page needs a fresh start.